cohdb
Replays
Latest Replays
All Replays
Popular Replays
Top Player Replays
Match Explorer
How It Works
Community
CoH3 Stats
Reddit
Sign in to upload your games and track your stats! →
Sign in with Steam
Campbell's Convoy
Match 16530630
Overview
Messages
Build Orders
End
Construct Barracks
Engineer Squad
Riflemen Squad
Riflemen Squad
Grenade Package
M1 Mortar Team
Infantry Support Center
Construct Medical Station
Construct Motor Pool
Selects Armored Battlegroup
Selects Strength in Steel
M24 Chaffee Light Tank
Selects Seek and Destroy
M1918 Browning Automatic Rifles
M1 Anti-tank Gun Team
Riflemen Squad
AI Takeover
legranduke
PatManok
Hammermnn
AirborneDivision
0
0
Comments
sign in to comment!
No comments posted yet!